[Event "*** Titled Tuesday Blitz"]
[Site "Chess.com"]
[Date "2020.01.07"]
[Round "2"]
[White "wonderfultime"]
[Black "AndrewMaco"]
[Result "1-0"]
[WhiteElo "2966"]
[BlackElo "2623"]
[TimeControl "180+2"]
[EndTime "13:26:24 PST"]
[Termination "wonderfultime won by resignation"]

1. d4 Nf6 2. Nf3 d5 3. Bf4 e6 4. e3 Bd6 5. Bg3 O-O 6. Nbd2 c5 7. c3 b6 8. Bd3 Ba6 9. Bxa6 Nxa6 10. O-O Nb8 11. Qa4 Bxg3 12. hxg3 Qd7 13. Qa3 Qc7 14. Rac1 Nbd7 15. c4 dxc4 16. Rxc4 Qb7 17. Rfc1 Rfc8 18. dxc5 Rxc5 19. Nb3 Rxc4 20. Rxc4 h6 21. Nbd4 a6 22.
Qd6 Rc8 23. Nc6 Kh8 24. b3 b5 25. Na5 Qa8 26. Rc6 Rxc6 27. Nxc6 Qb7 28. Nd8 Qc8 29.
Nxf7+ Kg8 30. N7e5 Qc1+ 31. Kh2 Nf8 32. Qe7 Qc8 33. Nd4 Kh7 34. f3 Nd5 35. Qh4 Nxe3 36. Qe4+ Nf5 37. g4 g6 38. gxf5 gxf5 39. Qh4 Qc7 40. f4 Ng6 41. Nxg6 Kxg6 42. Nxe6 Qd6 43. Qg3+ Kf6 44. Ng7 Qd1 45. Ne8+ Ke7 46. Qe3+ Kf8 47.
Nf6 Kf7 48. Qe5 Qd3 49. Nd5 1-0

[Event "*** Titled Tuesday Blitz"]
[Site "Chess.com"]
[Date "2020.01.07"]
[Round "2"]
[White "platy3"]
[Black "Vugar_Manafov"]
[Result "1-0"]
[WhiteElo "2896"]
[BlackElo "2586"]
[TimeControl "180+2"]
[EndTime "13:26:25 PST"]
[Termination "platy3 won by resignation"]

1. e4 Nf6 2. e5 Nd5 3. d4 d6 4. Nf3 Nb6 5. a4 a5 6. Bb5+ c6 7. Be2 Bg4 8. exd6 exd6 9. h3 Bh5 10. O-O Be7 11. Nbd2 O-O 12. c3 N8d7 13. Re1 Nf6 14. Bd3 Re8 15. Nf1 Bg6 16. Bf4 Nbd5 17. Bh2 Bf8 18. Bxg6 hxg6 19. Qb3 Qd7 20. N1d2 Rxe1+ 21. Rxe1 Re8 22. Rxe8 Nxe8 23. Nc4 Qc7 24. Nfd2 Nef6 25.
Qa3 Qe7 26. Qa1 Qc7 27. Kf1 b6 28. Qa3 c5 29. dxc5 bxc5 30. Qb3 g5 31. Qb5 g4 32.
hxg4 Nxg4 33. Bg3 Qe7 34. Qc6 Qe6 35. Qa8 Qf5 36. Qe8 Nf4 37. Qe4 Qxe4 38. Nxe4 d5 39. Bxf4 dxc4 40. f3 f5 41. Nd2 Nf6 42. Nxc4 Nd5 43.
Bd2 1-0

[Event "*** Titled Tuesday Blitz"]
[Site "Chess.com"]
[Date "2020.01.07"]
[Round "2"]
[White "therealtrader"]
[Black "igorkovalenko"]
[Result "0-1"]
[WhiteElo "2595"]
[BlackElo "2910"]
[TimeControl "180+2"]
[EndTime "13:26:27 PST"]
[Termination "igorkovalenko won by resignation"]

1. d4 Nf6 2. Nf3 b6 3. Bf4 Bb7 4. e3 d6 5. h3 Nbd7 6. c4 e6 7. Nc3 Be7 8. Be2 O-O 9. O-O Ne4 10. Nxe4 Bxe4 11. Nd2 Bb7 12. Bf3 Qb8 13. Bxb7 Qxb7 14. Qf3 Rab8 15. Rfd1 a5 16. Rac1 Rfc8 17. Qxb7 Rxb7 18.
Ne4 f5 19. Nc3 Bf6 20. d5 e5 21. Bg3 e4 22. b3 Nc5 23. Nb5 Rd8 24. Rc2 Kf7 25.
f3 Rd7 26. Be1 Rb8 27. Bc3 exf3 28. gxf3 Re8 29. Bxf6 Kxf6 30. Kf2 g5 31. Rd4 Rde7 32. Re2 h5 33. Re1 f4 34. e4 Rg7 35. Rg1 Rc8 36.
Na7 Rb8 37. Rdd1 Nd7 38. Nc6 Rbg8 39. Nd4 Ne5 40. Rh1 a4 41. Ne6 Re7 42. h4 g4 43.
Nxf4 gxf3 44. Nxh5+ Kf7 45. Rhg1 Rh8 46. Rg5 Kf8 47. Rdg1 Rf7 48. Ng3 Rxh4 49. Nf5 Rh8 50. Ke3 a3 51. R5g3 Ke8 52. Rg8+ Rxg8 53. Rxg8+ Kd7 54. Ra8 Rh7 55. Nd4 Rh3 56. Ne6 Rh2 57. Nd4 f2 58. Ke2 f1=Q+ 59. Kxf1 Rxa2 60. Nb5 Ra1+ 61.
Ke2 a2 62. Nc3 Rb1 63. Rxa2 Rxb3 64. Nb5 Nxc4 65. Nd4 Re3+ 66. Kf2 Rxe4 67. Nc6 Ne5 68. Nb8+ Kc8 69. Na6 Kb7 0-1

[Event "*** Titled Tuesday Blitz"]
[Site "Chess.com"]
[Date "2020.01.07"]
[Round "2"]
[White "MFBerna"]
[Black "AntonSmirnov"]
[Result "0-1"]
[WhiteElo "2486"]
[BlackElo "2878"]
[TimeControl "180+2"]
[EndTime "13:26:28 PST"]
[Termination "AntonSmirnov won by checkmate"]

1. e4 c5 2. Nf3 d6 3. d4 cxd4 4. Qxd4 Nc6 5. Bb5 Bd7 6. Bxc6 Bxc6 7. c4 Nf6 8. Nc3 g6 9. Bg5 Bg7 10. O-O O-O 11. Qd3 h6 12. Bd2 Rc8 13. Rac1 Nd7 14.
Rfe1 a6 15. b3 Kh7 16. Nd5 Re8 17. a4 Nc5 18. Qb1 e6 19. Nc3 Qe7 20. a5 Nd7 21.
Nd5 Qd8 22. Nb4 Ne5 23. Nxe5 Bxe5 24. g3 Bg7 25. Qd3 Re7 26. Rcd1 Rd7 27. Qe2 Qc7 28. Nd3 Rcd8 29. b4 f5 30. Nf4 Re8 31. exf5 gxf5 32. Qh5 Qc8 33. Qg6+ Kh8 34. Nxe6 Be5 35. Bxh6 Rg8 36.
Qh5 Rh7 37. Ng5 Be8 38. Qh4 Bf6 39. f4 Qxc4 40. Rxe8 Rxe8 41. Qh5 Bd4+ 42. Kg2 Qe2+ 43. Qxe2 Rxe2+ 44. Kh3 Rxh6# 0-1

[Event "*** Titled Tuesday Blitz"]
[Site "Chess.com"]
[Date "2020.01.07"]
[Round "2"]
[White "Faqade"]
[Black "Saloni1299"]
[Result "1-0"]
[WhiteElo "2650"]
[BlackElo "2110"]
[TimeControl "180+2"]
[EndTime "13:26:29 PST"]
[Termination "Faqade won by resignation"]

1. Nf3 Nf6 2. g3 d5 3. Bg2 g6 4. O-O Bg7 5. d3 O-O 6. Nc3 c6 7.
e4 Bg4 8. h3 Bxf3 9. Qxf3 d4 10.
Nb1 e5 11. Qe2 Nh5 12. a4 Nd7 13. Na3 a6 14. Nc4 b5 15. Nd2 Qc7 16. Nf3 c5 17. Nh4 c4 18. Nf5 Nc5 19. Nxg7 Kxg7 20. Bf3 Nf6 21. Bg5 cxd3 22. cxd3 Nxa4 23. Bg2 Nh5 24.
Qd2 Rfc8 25. Rac1 Qd7 26. f4 h6 27. Bh4 Rxc1 28. Rxc1 f6 29. Bf3 Rc8 30. Bg4 Rxc1+ 31.
Qxc1 Qf7 32. Qc6 exf4 33. Bxh5 gxh5 34. gxf4 Qg6+ 35. Kf2 Qf7 36. b4 Nb2 37. Ke2 Qb3 38. Qxf6+ Kg8 39. Qg6+ Kf8 40. Qf5+ Kg8 41. Qd5+ Qxd5 42.
exd5 Kf8 43. f5 Na4 44. d6 Nc3+ 45. Kf3 Ke8 46. Bf6 Nd5 47. Bxd4 Nxb4 48. f6 Nc6 49. Bb2 Kd7 50. f7 1-0

[Event "*** Titled Tuesday Blitz"]
[Site "Chess.com"]
[Date "2020.01.07"]
[Round "2"]
[White "Chimpinha"]
[Black "Blagorod"]
[Result "1/2-1/2"]
[WhiteElo "2400"]
[BlackElo "2100"]
[TimeControl "180+2"]
[EndTime "13:26:33 PST"]
[Termination "Game drawn by repetition"]

1. d4 d5 2. c4 Nc6 3. cxd5 Qxd5 4. Nf3 e5 5. Nc3 Bb4 6. e3 Nge7 7. Be2 exd4 8.
exd4 O-O 9. O-O Qd8 10. Bg5 h6 11. Bh4 Be6 12. a3 Ba5 13. Ne4 Qd5 14. Nc5 Nf5 15.
Nxe6 fxe6 16. Rc1 Nxh4 17. Nxh4 Qxd4 18. Qxd4 Nxd4 19. Bc4 Rf6 20. Rcd1 Bb6 21. Nf3 Nxf3+ 22. gxf3 Rxf3 23. Bxe6+ Kh7 24. Bd5 Rf6 25. Bxb7 Raf8 26. Be4+ Kh8 27. Rd2 g5 28. h3 h5 29. Kg2 g4 30.
hxg4 hxg4 31. Kg3 Kg7 32. Rd7+ R8f7 33. Rxf7+ Rxf7 34. Kxg4 Rxf2 35. Rxf2 Bxf2 36. Kf5 Bb6 37. b3 Kf7 38. Ke5 Ke7 39. Kd5 Kd7 40. Bf5+ Kd8 41. Kc6 a5 42. a4 Ke7 43. Bd3 Kd8 44. Bc4 Ke7 45. Kb5 Kd8 46. Ka6 Ke7 47. Kb7 Kd6 48.
Ka6 Kc5 49. Kb7 Kb4 50. Kc6 Kc3 51. Kb5 Kd4 52. Kc6 Kc3 53. Kd5 Kb4 54. Kc6 Kc3 1/2-1/2

[Event "*** Titled Tuesday Blitz"]
[Site "Chess.com"]
[Date "2020.01.07"]
[Round "2"]
[White "Yaacovn"]
[Black "ShahMatKanal"]
[Result "1-0"]
[WhiteElo "2803"]
[BlackElo "2549"]
[TimeControl "180+2"]
[EndTime "13:26:34 PST"]
[Termination "Yaacovn won by resignation"]

1. d4 d5 2. Nf3 Nf6 3. Bf4 e6 4. e3 Bd6 5. Bg3 Ne4 6. c4 Nxg3 7. hxg3 c6 8. Nc3 Nd7 9. Qc2 Nf6 10. a3 h6 11. Be2 Qe7 12. Rc1 Bd7 13. Ne5 Bxe5 14. dxe5 Ng8 15. f4 Qd8 16. Qd2 Ne7 17. e4 O-O 18. Rd1 Qb6 19. Bf3 Rfd8 20. exd5 cxd5 21. cxd5 exd5 22. Qf2 d4 23. Rxd4 Bc6 24. Rxd8+ Qxd8 25. O-O Bxf3 26. Qxf3 Qb6+ 27. Qf2 Qb3 28. Rd1 Ng6 29.
Rd4 a5 30. Qe2 Rc8 31. Kh2 h5 32. Qd2 h4 33. gxh4 Qb6 34. g3 Nf8 35. Rd6 Qb3 36.
f5 b5 37. Qf2 b4 38. axb4 axb4 39. Ne4 Rc2 40. Rd2 Rc1 41. Qg2 Qe3 42. Rc2 Rd1 43. Re2 Qc1 44. e6 fxe6 45. fxe6 Nxe6 46. Nf2 Qc8 47. Nxd1 Nd4 48. Qd5+ 1-0

[Event "*** Titled Tuesday Blitz"]
[Site "Chess.com"]
[Date "2020.01.07"]
[Round "2"]
[White "Keranke"]
[Black "lupta_robin"]
[Result "1-0"]
[WhiteElo "2741"]
[BlackElo "2527"]
[TimeControl "180+2"]
[EndTime "13:26:34 PST"]
[Termination "Keranke won by resignation"]

1. d4 Nf6 2. c4 g6 3. g3 Bg7 4. Bg2 O-O 5. Nc3 d6 6. Nf3 Nbd7 7. O-O e5 8. e4 a6 9. h3 b5 10. Qc2 b4 11. Na4 c5 12. dxc5 dxc5 13. Be3 Qc7 14. Nd2 Re8 15. a3 a5 16. f4 Bb7 17. fxe5 Qxe5 18. Bf4 Qd4+ 19. Kh2 Ne5 20. Nb3 Qxc4 21. Qxc4 Nxc4 22. Nbxc5 Bc6 23. Rac1 Ne5 24. Bxe5 Rxe5 25. Nd3 Re6 26. Rxc6 Rxc6 27. e5 Rc2 28. exf6 Bf8 29. axb4 axb4 30. Nb6 Rd8 31. Rd1 b3 32. Kh1 Bc5 33. Na4 Bd4 34. Nb4 Bxf6 35.
Rf1 Rxg2 36. Kxg2 Rd2+ 37. Rf2 Rd4 38. Rxf6 Rxb4 39. Nc3 Rd4 40. Rf2 Kg7 41. Nb1 h5 42. Nd2 Rd3 43. Ne4 f5 44. Nc5 Re3 45. h4 Kf6 46. Rd2 g5 47. Kf2 f4 48. gxf4 gxf4 49. Rd3 Re5 50. Nd7+ 1-0

[Event "*** Titled Tuesday Blitz"]
[Site "Chess.com"]
[Date "2020.01.07"]
[Round "2"]
[White "DrRiebert"]
[Black "FearNoEvil12"]
[Result "1-0"]
[WhiteElo "2378"]
[BlackElo "2027"]
[TimeControl "180+2"]
[EndTime "13:26:34 PST"]
[Termination "DrRiebert won by resignation"]

1. e4 a6 2. d4 b5 3. Bd3 Bb7 4. Qe2 e6 5. c3 Nf6 6. Nd2 d6 7.
f4 Nbd7 8. g4 c5 9. g5 Ng8 10.
Ngf3 Qb6 11. a4 c4 12. Bc2 Ne7 13. Nf1 h6 14. Ng3 hxg5 15. Nxg5 Nf6 16. Be3 Qc7 17. O-O Qd7 18. f5 e5 19. d5 Neg8 20. Ra3 Nh6 21. Rfa1 Rb8 22. axb5 axb5 23. Ba7 Ra8 24. Bb6 Rxa3 25.
Rxa3 Nhg4 26. h3 Nh6 27. Qd1 Be7 28. Nf3 O-O 29. Ra7 g6 30. Qd2 Kg7 31. Be3 Nhg8 32.
Bg5 Nh7 33. Bxe7 Qxe7 34. Qe3 Qc7 35. Kh2 Qb8 36. Qb6 Ba8 37. Qa5 Nh6 38. Nh4 g5 39.
Nf3 g4 40. hxg4 Nxg4+ 41. Kg1 Nhf6 42. Ng5 Kg8 43. Nxf7 Qe8 44. Nh6+ Nxh6 45. Bd1 Nf7 46. Qc7 Bxd5 47. exd5 Nxd5 48. Qb7 Nf4 49. Bh5 Nxh5 50. Nxh5 Qd8 51. f6 Qc8 52. Qg2+ 1-0

[Event "*** Titled Tuesday Blitz"]
[Site "Chess.com"]
[Date "2020.01.07"]
[Round "2"]
[White "vanea_03"]
[Black "ural58"]
[Result "1-0"]
[WhiteElo "2696"]
[BlackElo "2364"]
[TimeControl "180+2"]
[EndTime "13:26:36 PST"]
[Termination "vanea_03 won by resignation"]

1. d4 d5 2. c4 e5 3. dxe5 d4 4. Nf3 Nc6 5. a3 g6 6. b4 Bg7 7. Bb2 Nh6 8. Nbd2 O-O 9. g3 Ng4 10.
Bg2 d3 11. O-O Ngxe5 12. Nxe5 Nxe5 13. exd3 Bg4 14. Qb3 Qxd3 15. Qxd3 Nxd3 16. Bxg7 Kxg7 17. Bxb7 Rad8 18. Nb3 Be2 19. Rfb1 Ne5 20. Re1 Nf3+ 21. Bxf3 Bxf3 22. Re3 Bd1 23. Nc5 Rd2 24. Ne4 Rd4 25.
c5 Bc2 26. Nc3 Rfd8 27. Rae1 Rd3 28. Kg2 Bb3 29. Rxd3 Rxd3 30. Re3 Rd2 31. h4 c6 32. Kf1 Bc4+ 33. Ke1 Rc2 34. Ne4 Bd5 35. Nd2 Rc1+ 36. Ke2 Ra1 37. Rc3 f5 38. Ke3 Kf6 39. Nf3 h6 40. Nd4 g5 41. hxg5+ hxg5 42. b5 Re1+ 43. Kd2 Rf1 44. Ke2 Rb1 45. bxc6 Rb8 46. c7 Re8+ 47. Kd2 Rc8 48. Nb5 a6 49. Nd6 Rxc7 50.
Ne8+ 1-0

[Event "*** Titled Tuesday Blitz"]
[Site "Chess.com"]
[Date "2020.01.07"]
[Round "2"]
[White "stoleriu"]
[Black "GMKrikor"]
[Result "0-1"]
[WhiteElo "2574"]
[BlackElo "2879"]
[TimeControl "180+2"]
[EndTime "13:26:37 PST"]
[Termination "GMKrikor won by resignation"]

1. e4 c5 2. Nc3 e6 3. Nf3 a6 4.
d4 cxd4 5. Nxd4 b5 6. Bd3 Bb7 7. O-O Nc6 8. Nxc6 Bxc6 9. Qe2 Bc5 10. Be3 Qb6 11. Bxc5 Qxc5 12. Qg4 Nf6 13. Qxg7 Ke7 14.
Qg3 Rhg8 15. Qe3 Qxe3 16. fxe3 b4 17. Ne2 Nxe4 18. Nd4 Bd5 19. g3 h5 20. Rf4 f5 21.
Rh4 Nf6 22. Rf1 Rg4 23. Rf4 Bxa2 24. b3 a5 25. Bb5 Rxf4 26. Rxf4 Nd5 27. Rf3 Nc3 28.
Bd3 a4 29. bxa4 Bd5 30. Rf4 Rxa4 31. Rh4 Ra1+ 32. Kf2 Ra2 33. Ke1 Ra1+ 34. Kf2 Rd1 35. Ne2 Ne4+ 36. Bxe4 Bxe4 37. Nd4 Bxc2 38. Nxc2 Rd2+ 39.
Kf3 Rxc2 40. Rxh5 b3 41. Rh8 b2 42. Rb8 Rxh2 43. Kf4 Kd6 44. e4 fxe4 45. Kxe4 Rg2 46. Kf3 Rc2 47. g4 Ke5 48. Rb5+ d5 49. Kg3 Ke4 50.
Kh4 e5 51. g5 Rg2 52. Rb8 d4 53. Kh5 d3 54. g6 d2 55. Rxb2 d1=Q+ 0-1

[Event "*** Titled Tuesday Blitz"]
[Site "Chess.com"]
[Date "2020.01.07"]
[Round "2"]
[White "ajkom197"]
[Black "tteshan"]
[Result "1/2-1/2"]
[WhiteElo "2496"]
[BlackElo "2280"]
[TimeControl "180+2"]
[EndTime "13:26:38 PST"]
[Termination "Game drawn by agreement"]

1. Nf3 c5 2. e3 g6 3. d4 cxd4 4.
exd4 Bg7 5. c3 Nf6 6. Bd3 O-O 7. O-O d5 8. h3 Nc6 9. Re1 Qd6 10. Bg5 h6 11. Bh4 Nh5 12. Nbd2 e5 13. dxe5 Nxe5 14. Nxe5 Bxe5 15. Nf3 Re8 16. Nxe5 Rxe5 17. Rxe5 Qxe5 18. Qe1 Qxe1+ 19. Rxe1 Bd7 20. g4 Nf4 21. Bf1 Kg7 22. Bg3 Ne6 23. Bg2 Bc6 24. Be5+ f6 25. Bg3 Kf7 26.
f4 Nc5 27. Rd1 Ne4 28. Bf2 Re8 29. a3 b6 30. Bd4 Ba4 31. Re1 Bb3 32. Re3 Nd6 33.
Rxe8 Nxe8 34. Kf2 Ke6 35. Bf1 Nd6 36. Bd3 Kf7 37. h4 Ne4+ 38. Ke3 Nc5 39. Bb5 Na4 40. Bxa4 Bxa4 41. g5 fxg5 42. fxg5 hxg5 43. hxg5 Bb3 44. Bf6 Ke6 45. Kd4 Kd6 46. Be5+ Ke6 47. Bf6 a5 48. Bd8 a4 49. Bxb6 Kd6 50. Bd8 Ke6 51.
Kc5 Kf5 52. Bf6 Ke4 53. Kb4 Kd3 54. c4 dxc4 55. Bc3 Kc2 56. Kc5 Kd3 57. Kb4 1/2-1/2

[Event "*** Titled Tuesday Blitz"]
[Site "Chess.com"]
[Date "2020.01.07"]
[Round "2"]
[White "quesfr"]
[Black "INLOVEWITHF"]
[Result "1-0"]
[WhiteElo "2200"]
[BlackElo "2436"]
[TimeControl "180+2"]
[EndTime "13:26:39 PST"]
[Termination "quesfr won by resignation"]

1. e4 e5 2. Nf3 Nc6 3. Nc3 Nf6 4.
d4 exd4 5. Nxd4 Bb4 6. Nxc6 bxc6 7.
Bd3 d5 8. exd5 O-O 9. O-O cxd5 10.
h3 c6 11. Qf3 h6 12. Bf4 Bd6 13. Rad1 Rb8 14. b3 Rb4 15. Ne2 Bxf4 16. Nxf4 Qd6 17. Nh5 Nxh5 18. Qxh5 Re8 19. Rfe1 Be6 20. c3 Rbb8 21. b4 Qf4 22. a3 Bd7 23. g3 Qf6 24. c4 Rxe1+ 25. Rxe1 Qc3 26. Re3 Qc1+ 27. Kg2 d4 28. Rf3 Be6 29. Bf5 Qxc4 30. Qg4 Bxf5 31. Rxf5 Rd8 32. Rc5 Qb3 33. Rxc6 Qd5+ 34. Qf3 d3 35.
Qxd5 Rxd5 36. Rc1 Kf8 37. Kf3 f5 38. Ke3 a5 39. Rd1 axb4 40. axb4 Rb5 41. Rb1 Rd5 42. Kd2 Ke7 43. Rb3 Rd4 44. b5 Kd6 45. b6 Kc6 46. b7 Rd8 47. b8=Q Rxb8 48. Rxb8 Kd5 1-0

[Event "*** Titled Tuesday Blitz"]
[Site "Chess.com"]
[Date "2020.01.07"]
[Round "2"]
[White "coolthing"]
[Black "Durarbayli"]
[Result "0-1"]
[WhiteElo "2354"]
[BlackElo "2844"]
[TimeControl "180+2"]
[EndTime "13:26:42 PST"]
[Termination "Durarbayli won by resignation"]

1. e4 e6 2. d4 d5 3. exd5 exd5 4.
c4 Bb4+ 5. Nc3 Nf6 6. Bd3 dxc4 7. Bxc4 O-O 8. Ne2 h6 9. O-O Nc6 10. Be3 Bf5 11. Rc1 a6 12. Ng3 Bg6 13. Bb3 Re8 14. a3 Bd6 15. Qf3 Na5 16. Ba2 Qd7 17. Rfd1 Qg4 18.
Qxg4 Nxg4 19. Nd5 Nc6 20. Nf4 Bh7 21. Rc3 Rad8 22. h3 Nxe3 23. fxe3 Bxf4 24. exf4 Nxd4 25. Rf1 Nb5 26. Rc5 Bd3 27. Rd1 c6 28. Kf2 Kf8 29.
Rcc1 Bh7 30. f5 Nd4 31. Rc5 Bg8 32. Rc3 Nb5 33. Rxd8 Rxd8 34. Re3 Rd2+ 35. Re2 Rxe2+ 36. Kxe2 f6 37. Bxg8 Kxg8 38. Kd3 Nd6 39. Kd4 b6 40. Ke3 Nc4+ 41. Kd4 Nxb2 42. Ne4 a5 43. Nd6 b5 44. Kc5 Nd3+ 45. Kxc6 b4 46. axb4 axb4 47. Nc4 b3 48. Kd5 b2 49. Nd2 Nf4+ 50. Kd6 Nxg2 51. Ke7 Ne3 52.
Ke6 h5 53. h4 Ng2 0-1

[Event "*** Titled Tuesday Blitz"]
[Site "Chess.com"]
[Date "2020.01.07"]
[Round "2"]
[White "attack2mateU"]
[Black "gui_borba"]
[Result "1-0"]
[WhiteElo "2674"]
[BlackElo "2304"]
[TimeControl "180+2"]
[EndTime "13:26:52 PST"]
[Termination "attack2mateU won by resignation"]

1. e4 c6 2. d4 d5 3. e5 Bf5 4. Nf3 e6 5. Be2 Nd7 6. O-O h6 7. Nbd2 Ne7 8. Nb3 Bh7 9. a4 Ng6 10. a5 a6 11. c4 Be7 12. cxd5 cxd5 13. Bd3 Rc8 14. Bd2 O-O 15. Qe2 Nh4 16. Nxh4 Bxd3 17.
Qxd3 Bxh4 18. Rfc1 Be7 19. Rxc8 Qxc8 20. Rc1 Qa8 21.
Qc2 Nb8 22. Nc5 Bxc5 23. Qxc5 Nc6 24. Rc3 Qd8 25. Rg3 Qh4 26. Be3 Rc8 27. h3 Kh7 28. Qb6 Qe7 29. Rf3 Kg8 30. Rg3 Kh7 31. Bd2 Qc7 32.
Qxc7 Rxc7 33. Bc3 Na7 34. Bb4 Rc2 35. Bf8 g6 36. Rb3 Nb5 37. Bc5 Rc4 38. g3 h5 39.
h4 Ra4 40. Rf3 Kg8 41. b4 Ra1+ 42. Kg2 Rc1 43. Rf4 Rc4 44. g4 hxg4 45. Kg3 Kh7 46. Kxg4 Rc1 47. Rxf7+ Kg8 48. Rxb7 Nc3 49. f3 Ne2 50.
Kg5 Rg1+ 51. Kf6 Nf4 52. b5 axb5 53. a6 Nh5+ 54. Ke7 Nf4 55. a7 1-0

[Event "*** Titled Tuesday Blitz"]
[Site "Chess.com"]
[Date "2020.01.07"]
[Round "2"]
[White "ketster"]
[Black "bestluluNA"]
[Result "0-1"]
[WhiteElo "2308"]
[BlackElo "2548"]
[TimeControl "180+2"]
[EndTime "13:26:53 PST"]
[Termination "bestluluNA won on time"]

1. d4 Nf6 2. c4 e6 3. Nc3 Bb4 4. e3 O-O 5. Bd3 d5 6. Ne2 dxc4 7. Bxc4 c5 8. O-O cxd4 9. exd4 Nbd7 10. Bg5 h6 11. Bh4 Nb6 12. Bb3 Bd7 13. Qd3 Bc6 14.
Bc2 g6 15. Ng3 g5 16. Nh5 Re8 17. Nxf6+ Qxf6 18. Bg3 Qg7 19. f4 Rad8 20. Rad1 f5 21. fxg5 hxg5 22. Be5 Qh6 23. g4 Bxc3 24. Qxc3 Nd5 25.
Qg3 f4 26. Qd3 Ne3 27. Bb3 Rd7 28. Qe2 Qh3 29. Rf2 Rh7 30. Rd2 Nxg4 31. Bc2 Rh6 32. Rd3 Ne3 33. Rd2 Qg3+ 34. Rg2 Qxg2+ 35. Qxg2 Bxg2 36.
Rxg2 Nxg2 37. Kxg2 Rc8 38. Be4 b6 39. h3 Kf7 40. d5 Rc4 41. dxe6+ Kxe6 42. Bd3 Rc8 43. Bg7 Rh4 44. b3 Kd5 45. Bf6 Rf8 0-1

[Event "*** Titled Tuesday Blitz"]
[Site "Chess.com"]
[Date "2020.01.07"]
[Round "2"]
[White "DoHoChess"]
[Black "Arystanner"]
[Result "0-1"]
[WhiteElo "2527"]
[BlackElo "2742"]
[TimeControl "180+2"]
[EndTime "13:26:54 PST"]
[Termination "Arystanner won by resignation"]

1. Nf3 Nf6 2. c4 g6 3. Nc3 Bg7 4. e4 d6 5. d4 O-O 6. Be2 e5 7.
O-O Nc6 8. dxe5 dxe5 9. Bg5 Bg4 10. Qxd8 Nxd8 11. Bxf6 Bxf6 12. Nd5 Bg7 13. Nxc7 Rc8 14.
Nd5 Bxf3 15. Bxf3 Rxc4 16. Rac1 Rxc1 17. Rxc1 Nc6 18. b4 a6 19. a4 Rd8 20. Be2 Nd4 21. Bf1 b5 22. axb5 axb5 23. g3 Bf8 24. Kg2 Ra8 25. Rc7 Ra2 26. Rb7 Nc2 27. Bxb5 Nxb4 28. Bc4 Rb2 29. Nf6+ Kh8 30. Rxf7 Bg7 31. Ne8 Bh6 32. g4 Nc2 33. g5 Ne3+ 34. Kf3 Nxc4 35. gxh6 Kg8 36. Rc7 Nd2+ 37. Ke3 Nf1+ 38. Kd3 Rxf2 39.
Nd6 Rd2+ 40. Kc4 Rxd6 41. Rg7+ Kf8 42. Rxh7 Rd2 43. h4 Rh2 44. Ra7 Rxh4 45. h7 Ng3 46. Kd5 Nxe4 47. Kxe5 Ng5 48. h8=Q+ Rxh8 49. Ra8+ Kg7 50.
Rxh8 Nf7+ 0-1

[Event "*** Titled Tuesday Blitz"]
[Site "Chess.com"]
[Date "2020.01.07"]
[Round "2"]
[White "Lifeek"]
[Black "parmupill123"]
[Result "0-1"]
[WhiteElo "2225"]
[BlackElo "2485"]
[TimeControl "180+2"]
[EndTime "13:26:55 PST"]
[Termination "parmupill123 won by checkmate"]

1. d4 e6 2. e4 d5 3. e5 c5 4. c3 Qb6 5. Nf3 Nc6 6. Be2 Nh6 7.
b3 cxd4 8. cxd4 Nf5 9. Bb2 Be7 10. O-O Bd7 11. Qd2 h5 12. Rd1 h4 13. Nc3 Rc8 14.
Rac1 Qa5 15. a3 a6 16. b4 Qd8 17. Na4 Ncxd4 18. Nxd4 Nxd4 19. Bxd4 Bxa4 20. Bb6 Qd7 21. Rxc8+ Qxc8 22. Rc1 Bc6 23. Bc5 Qd7 24. a4 Bxc5 25. Rxc5 Bxa4 26. b5 Bxb5 27. Bxb5 axb5 28. Qb4 O-O 29.
Rxb5 Qc7 30. h3 Qxe5 31. Qxh4 Rb8 32. f4 Qe3+ 33. Kh2 d4 34. Rh5 f5 35. Rh8+ Kf7 36.
Rxb8 d3 37. Qh5+ Kf6 38. Rf8+ Ke7 39. Qf7+ Kd6 40. Rd8+ Kc5 41. Qc7+ Kb4 42. Qd6+ Kc3 43. Qc7+ Kd2 44. Qa5+ Ke2 45. Qa2+ d2 46. Kh1 Ke1 47. Rxd2 Qxd2 48. Qxe6+ Kf2 49. Qb6+ Qe3 50. Qb2+ Qe2 51. Qb6+ Kg3 52. Qxb7 Qf1# 0-1

[Event "*** Titled Tuesday Blitz"]
[Site "Chess.com"]
[Date "2020.01.07"]
[Round "2"]
[White "promen1999"]
[Black "FMVolodymyrSakun"]
[Result "0-1"]
[WhiteElo "2781"]
[BlackElo "2582"]
[TimeControl "180+2"]
[EndTime "13:26:57 PST"]
[Termination "FMVolodymyrSakun won by resignation"]

1. Nf3 Nf6 2. d4 e6 3. Bg5 d5 4.
e3 Be7 5. Nbd2 h6 6. Bh4 Nbd7 7. c3 b6 8. Bd3 Bb7 9. O-O O-O 10. b4 Ne4 11.
Bxe7 Qxe7 12. Qc2 Nxd2 13. Nxd2 e5 14. b5 a6 15. a4 axb5 16. axb5 e4 17. Be2 f5 18. c4 f4 19. cxd5 Rxa1 20. Rxa1 fxe3 21. fxe3 Nf6 22. Ra7 Rb8 23. Nc4 Qb4 24. Qa2 Qe1+ 25.
Bf1 Bxd5 26. Qf2 Qc1 27. Qd2 Qb1 28. Qb2 Qe1 29. Ra1 Qh4 30. h3 Qg5 31. Qc3 Rf8 32.
Ne5 Nh5 33. Bc4 Bxc4 34. Qxc4+ Kh7 35. Re1 Qg3 36. Qe2 Qg5 37. Qg4 Qxg4 38. hxg4 Nf6 39.
Rf1 Ra8 40. Rc1 Nd5 41. Nc4 Ra4 42. Nd2 Nxe3 43. Rxc7 Rxd4 44. Nc4 Nxc4 45. Kf2 e3+ 46. Kf3 Kg6 47. Re7 Rd2 48. Re6+ Kf7 49. Re4 Rc2 50. Kf4 Rf2+ 51. Kg3 Rc2 52. Kf4 e2 53. Kg3 Kf6 54. Kf4 g5+ 55. Kg3 Nd2 56. Rxe2 Nf1+ 57. Kf2 Rxe2+ 58.
Kxe2 Nh2 0-1

[Event "*** Titled Tuesday Blitz"]
[Site "Chess.com"]
[Date "2020.01.07"]
[Round "2"]
[White "Majkelopulos"]
[Black "W_Amadeus"]
[Result "1-0"]
[WhiteElo "2525"]
[BlackElo "2694"]
[TimeControl "180+2"]
[EndTime "13:26:57 PST"]
[Termination "Majkelopulos won by resignation"]

1. e4 e5 2. Nc3 Nc6 3. g3 Nf6 4. Bg2 Bc5 5. Nge2 d6 6. O-O a6 7. d3 h5 8. h3 h4 9. g4 Nxg4 10.
hxg4 Bxg4 11. Kh2 Qd7 12. f4 Nd4 13. f5 h3 14. Bh1 O-O-O 15. Qd2 g6 16. Nxd4 Bxd4 17.
Nd5 gxf5 18. exf5 Bxf5 19. Rxf5 Rdg8 20. Rg5 c6 21. Nf6 Rxg5 22. Qxg5 Qe6 23. Qg4 e4 24. Qxe6+ fxe6 25. Ng4 exd3 26. cxd3 Rg8 27. Kxh3 Rh8+ 28. Kg2 Rg8 29. Kg3 Be5+ 30. Kf3 Rf8+ 31. Ke2 Bd4 32.
Be3 Bxb2 33. Rf1 Rxf1 34. Kxf1 Kd7 35. Ke2 Bg7 36. Bg5 e5 37. Bf6 Bf8 38. Bg5 Ke6 39. Ne3 d5 40. Bg2 Kd6 41. Nc2 Ke6 42. Bh3+ Kd6 43.
Bd2 Bg7 44. Ba5 Kc5 45. Bc8 b6 46. Be1 a5 47. Bf2+ Kb5 48. Bd7 e4 49. d4 Bh8 50.
Bg3 Bf6 51. Be5 Bg5 52. Ne3 Ka4 53. Bxc6+ Ka3 54. Bxd5 b5 55. Bc7 a4 56. Bd6+ Kb2 57.
a3 Bf6 58. Bc5 Kc3 59. Nd1+ Kc2 60. Bxe4+ Kb3 61. Bd5+ Kc2 62. Bc6 Kb3 63. Bxb5 Bxd4 64. Bxd4 Kxa3 65. Bc3 Kb3 66. Kd3 a3 67. Bc4+ Ka4 68.
Ba2 Kb5 69. Ne3 1-0

[Event "*** Titled Tuesday Blitz"]
[Site "Chess.com"]
[Date "2020.01.07"]
[Round "2"]
[White "nurmiTV"]
[Black "GMHess"]
[Result "0-1"]
[WhiteElo "2537"]
[BlackElo "2748"]
[TimeControl "180+2"]
[EndTime "13:26:58 PST"]
[Termination "GMHess won by resignation"]

1. c4 g6 2. Nc3 Bg7 3. g3 c5 4.
Bg2 Nc6 5. e3 Nh6 6. d4 cxd4 7.
exd4 d5 8. cxd5 Nb8 9. Nge2 O-O 10. O-O Nf5 11. Bf4 Nd7 12. Rc1 Nb6 13. a4 Bd7 14. a5 Nc4 15. b4 Rc8 16. Ne4 b6 17.
Qb3 b5 18. Rfd1 h6 19. h4 f6 20. Rc2 g5 21. hxg5 fxg5 22. Bc1 Nfd6 23. Nc5 Bf5 24. Rc3 Bg4 25. Ne6 Qd7 26. Nxf8 Rxf8 27. Qc2 a6 28. Be3 Nf5 29. Rxc4 Nxe3 30. fxe3 bxc4 31. Qxc4 Qd6 32. Rf1 Rb8 33. Bf3 Rxb4 34. Qc5 Bd7 35. Qc2 Rb8 36. Rb1 Bb5 37. Kg2 Rf8 38. Nc3 Qf6 39. Qd1 g4 40. Bxg4 Qf2+ 41. Kh3 Bc4 42. Be6+ Kh8 43. Qg1 Qd2 44. Ne4 Qxa5 45. Nc5 Qd2 46. Rd1 Qe2 47. Re1 Qh5+ 48. Kg2 Qf3+ 49. Kh3 Qh5+ 50. Kg2 Be2 51. Rxe2 Qxe2+ 52. Kh3 Rf1 53.
Qh2 Qh5+ 54. Kg2 Rf2+ 55. Kxf2 Qxh2+ 0-1